 Dungeon Crawl Stone Soup version 0.28-b1-25-g9875b3fc8c (webtiles) character file.

Game seed: 887808311501431279

128 Devinter the Shooter (level 4, -1/25 HPs)
             Began as a Deep Elf Arcane Marksman on Jan 31, 2022.
             Slain by a hound (5 damage)
             ... on level 5 of the Dungeon.
             The game lasted 00:25:58 (5148 turns).

Devinter the Shooter (Deep Elf Arcane Marksman)     Turns: 5148, Time: 00:25:59

Health: -1/25      AC:  2    Str: 13    XL:     4   Next: 86%
Magic:  4/10       EV: 13    Int: 18    God:
Gold:   155        SH:  0    Dex: 17    Spells: 2/9 levels left

rFire   . . .      SeeInvis .   l - +3 dagger
rCold   . . .      Faith    .   (no shield)
rNeg    . . .      Spirit   .   d - +0 robe
rPois   .          Reflect  .   (no helmet)
rElec   .          Harm     .   (no cloak)
rCorr   .          Rampage  .   (no gloves)
Will    .....                   (no boots)
Stlth   ++........              (no amulet)
HPRegen 0.08/turn               r - +6 ring of strength
MPRegen 0.12/turn               (no ring)

@: no status effects
A: no striking features
a: no special abilities


You were on level 5 of the Dungeon.
You visited 1 branch of the dungeon, and saw 5 of its levels.

You collected 155 gold pieces.

Inventory:

Hand Weapons
 a - a +0 shortbow
 l - a +3 dagger (weapon)
Missiles
 h - 27 bolts
 n - 94 stones (quivered)
 t - 28 sling bullets
Armour
 d - a +0 robe (worn)
Magical Staves
 u - a staff of air
Jewellery
 r - a +6 ring of strength (left hand)
Scrolls
 e - a scroll of fear {unknown}
 i - 2 scrolls of magic mapping {unknown}
 k - 2 scrolls of identify {unknown}
 m - a scroll of amnesia {unknown}
 o - a scroll of fog {unknown}
 q - 2 scrolls of teleportation {unknown}
 v - a scroll of vulnerability {unknown}
Potions
 b - a potion of might
 f - a potion of invisibility {unknown}
 g - 2 potions of ambrosia {unknown}
 j - a potion of cancellation {unknown}
 p - a potion of lignification {unknown}
 s - a potion of curing {unknown}


   Skills:
 - Level 1.0 Fighting
 - Level 5.0 Bows
 - Level 3.0 Dodging
 + Level 3.2 Spellcasting
 + Level 0.0 Conjurations
 - Level 4.0 Hexes
 - Level 2.0 Translocations
 + Level 0.0 Earth Magic


You had 2 spell levels left.
You knew the following spells:

 Your Spells              Type           Power      Damage    Failure   Level
a - Slow                  Hex            68%        N/A       3%          1
b - Portal Projectile     Hex/Tloc       26%        N/A       14%         3
c - Stone Arrow           Conj/Erth      4%         3d7       43%         3

Your spell library contained the following spells:

 Spells                   Type           Power      Damage    Failure   Level
 Inner Flame              Hex/Fire       10%        N/A       22%         3
 Cause Fear               Hex            8%         N/A       30%         4
 Animate Armour           Summ/Erth      4%         N/A       85%         4
 Lehudib's Crystal Spear  Conj/Erth      1%         10d2      100%        8


Dungeon Overview and Level Annotations

Branches:
Dungeon (5/15)
 Temple: D:4-7

Altars:

Shops:
D:5 :

Annotations:
D:3 3 runed translucent doors, hitsuchi's ghost, amateur HOFi
D:4 Eustachio


Message History

The hound struggles to resist.
The hound bites you. x2
Casting: Slow (safe; 3% risk of failure)
Confirm with . or Enter, or press ? or * to list all spells.
Aiming: Slow (safe; 3% risk of failure)
Press: ? - help, Shift-Dir - straight line, f/p - hound
Aim: a hound (chance to affect: 65%)
The hound struggles to resist.
The hound misses you.
Casting: Slow (safe; 3% risk of failure)
Confirm with . or Enter, or press ? or * to list all spells.
Aiming: Slow (safe; 3% risk of failure)
Press: ? - help, Shift-Dir - straight line, f/p - hound
Aim: a hound (chance to affect: 65%)
The hound seems to slow down.
* * * LOW MAGIC WARNING * * *
The hound bites you.
You hit the hound.
The hound is moderately wounded.
The hound bites you.
You closely miss the hound.
The hound is moderately wounded.
The hound bites you.
* * * LOW HITPOINT WARNING * * *
You closely miss the hound.
The hound is moderately wounded.
The hound bites you.
* * * LOW HITPOINT WARNING * * *
You hit the hound.
The hound is heavily wounded.
The hound bites you but does no damage.
You hit the hound.
The hound is severely wounded.
The hound completely misses you.
Your magical contamination has completely faded away.
You hit the hound.
The hound is severely wounded.
The hound misses you.
You barely miss the hound.
The hound is severely wounded.
The hound bites you.
You die...

#. #. #..#. #..#..
#..... #.....# $......
#.#....#####
.......@...#
##∩.∩?.h.#.#
#.....#.#.#
#∩.∩#.#.#.#############
##..#.#.#.............#
#. #.#.#############.#
# #.#.# ######.# #.#.#
#....... #####.####..


You could see a hound (slow).

Vanquished Creatures
  Jessica (D:2)
  4 adders
  2 worms
  4 dart slugs
  A bat (D:1)
  6 endoplasms
  A giant cockroach (D:3)
  9 hobgoblins
  2 jackals (D:1)
  4 kobolds
  2 quokkas
  5 ball pythons
  3 frilled lizards
  3 goblins
  4 rats
51 creatures vanquished.

Vanquished Creatures (others)
  3 fungi (D:3)
  A plant (D:3)
4 creatures vanquished.

Grand Total: 55 creatures vanquished

Notes
Turn   | Place    | Note
-------+----------+-------------------------------------------
     0 | D:1      | Devinter the Deep Elf Arcane Marksman began the quest for
                  | the Orb.
     0 | D:1      | Reached XP level 1. HP: 11/11 MP: 5/5
   322 | D:1      | Reached skill level 1 in Fighting
   333 | D:1      | Reached skill level 3 in Bows
   333 | D:1      | Reached skill level 2 in Spellcasting
   333 | D:1      | Reached XP level 2. HP: 16/16 MP: 7/7
   804 | D:1      | Reached skill level 3 in Dodging
  1590 | D:2      | HP: 1/16 [hobgoblin (4)]
  1601 | D:2      | Reached skill level 4 in Bows
  1601 | D:2      | Reached XP level 3. HP: 2/20 MP: 6/8
  1935 | D:2      | Noticed Jessica
  1944 | D:2      | HP: 2/20 [Jessica (5)]
  1946 | D:2      | Killed Jessica
  2351 | D:2      | Reached skill level 5 in Bows
  2355 | D:2      | Learned a level 3 spell: Portal Projectile
  2644 | D:2      | Found a faded altar of an unknown god.
  2942 | D:3      | Reached XP level 4. HP: 12/25 MP: 7/9
  3164 | D:2      | Reached skill level 1 in Translocations
  3279 | D:3      | Found a runed translucent gate.
  3580 | D:3      | Found a runed translucent gate.
  3581 | D:3      | Found a runed translucent gate.
  3582 | D:3      | Noticed a kobold brigand
  3582 | D:3      | Noticed hitsuchi's ghost (amateur HOFi)
  3661 | D:3      | Reached skill level 3 in Spellcasting
  3790 | D:3      | Noticed a sky beast
  3822 | D:3      | HP: 1/25 [sky beast (6)]
  4649 | D:3      | Reached skill level 2 in Translocations
  5020 | D:4      | Noticed Eustachio
  5064 | D:5      | Entered Level 5 of the Dungeon
  5084 | D:5      | Learned a level 3 spell: Stone Arrow
  5134 | D:5      | Found Ixymuis's Book Emporium.
  5148 | D:5      | Slain by a hound

Illustrated notes

Levels and vault maps discovered:
D:1:      amcnicky_arrival_choice, layout_basic
D:2:      minmay_door_path, layout_loops_cross,
          shapermc_ecumenical_altar_acropolis, uniq_jessica
D:3:      layout_basic, gammafunk_ghost_nasty_kobolds, grunt_decor_arrowhead
D:4:      layout_basic, minmay_temple_entry_large_hall, serial_shops, shop,
          st_stairs_12, uniq_eustachio
D:5:      layout_basic, chequers_temple_overflow_minitemple, serial_shops,
          nicolae_shop_competitors_out_of_business

Skill      XL: |  1  2  3  4 |
---------------+-------------+-----
Fighting       | 1 |  1.0
Bows           | 3 4 5 |  5.0
Spellcasting   | 2 3 |  3.2
Dodging        | 3 |  3.0
Translocations | 2 |  2.0
Hexes          | |  4.0

Action                   |  1- 3 |  4- 6 || total
-------------------------+-------+-------++-------
Melee: Dagger            |    42 |    91 ||   133
 Fire: Shortbow          |    67 |    25 ||    92
 Cast: Slow              |    24 |    29 ||    53
       Portal Projectile |       |     2 ||     2
  Use: Potion            |     1 |       ||     1
 Stab: Sleeping          |     2 |       ||     2
Armor: Robe              |     6 |     7 ||    13
Dodge: Dodged            |    32 |    51 ||    83
